 Dungeon Crawl Stone Soup version 0.29.1-13-g9f3cf754e1 (webtiles) character file.

Game seed: 7052445050756527478

4916 cdecastro the Covert (level 10, -37/61 HPs)
             Began as a Kobold Enchanter on Feb 5, 2023.
             Was an Elder of Uskayaw.
             Annihilated by an orc knight
             ... wielding a +0 trident
              (39 damage)
             ... in a bailey.
             The game lasted 00:25:25 (9914 turns).

cdecastro the Covert (Kobold Enchanter)             Turns: 9914, Time: 00:25:26

Health: -37/61     AC: 13    Str:  8    XL:     10   Next: 80%
Magic:  12/13      EV: 14    Int: 17    God:    Uskayaw [****..]
Gold:   232        SH:  0    Dex: 17    Spells: 8/13 levels left

rFire   . . .      SeeInvis .   o - +3 dagger
rCold   . . .      Faith    .   (no shield)
rNeg    . . .      Spirit   .   l - +0 acid dragon scales
rPois   +          Reflect  .   p - +1 helmet
rElec   .          Harm     .   S - +0 cloak
rCorr   +          Rampage  .   (no gloves)
Will    .....                   (no boots)
Stlth   ++++++....              (no amulet)
HPRegen 0.20/turn               j - +4 ring of protection
MPRegen 0.13/turn               x - ring of poison resistance

@: invisible
A: small, no large weapons, nightstalker 3
a: Renounce Religion, Stomp, Line Pass


You were in a bailey.
You worshipped Uskayaw.
Uskayaw was noncommittal.
You visited 2 branches of the dungeon, and saw 9 of its levels.
You also visited: Bailey.

You collected 440 gold pieces.
You spent 208 gold pieces at shops.

Inventory:

Hand Weapons
 d - a +2 antimagic short sword
 o - a +3 dagger (weapon)
 F - a +5 scimitar
 N - a +4 vorpal sling
 P - the +1 rapier "Xaduylui" {protect, Dex+7}
   (You found it on level 7 of the Dungeon)

   It grants its wielder temporary protection when it strikes (+7 to AC).
   Dex:       It affects your dexterity (+7).
Missiles
 e - 10 poisoned darts (quivered)
 t - 9 boomerangs
 C - a throwing net
 H - 3 silver boomerangs
Armour
 b - a +0 robe
 l - +0 acid dragon scales (worn)
 p - a +1 helmet (worn)
 v - a +2 robe of positive energy
 K - the +1 robe "Toiraomn" {rF+ Str+2}
   (You found it on level 8 of the Dungeon)

   Str:       It affects your strength (+2).
   rF:        It protects you from fire.
 O - a +1 ring mail of positive energy
 S - a +0 cloak (worn)
Jewellery
 i - a ring of wizardry
 j - a +4 ring of protection (left hand)
 s - a ring of ice
 x - a ring of poison resistance (right hand)
 y - a ring of willpower
Wands
 r - a wand of flame (34)
 D - a wand of quicksilver (20)
 E - a wand of polymorph (5)
 I - a wand of iceblast (5)
Scrolls
 a - a scroll of identify
 g - 5 scrolls of teleportation
 m - 3 scrolls of fog
 q - a scroll of acquirement {unknown}
 w - a scroll of brand weapon {unknown}
 B - 3 scrolls of amnesia {unknown}
 G - 3 scrolls of immolation {unknown}
 M - a scroll of poison {unknown}
 Q - 2 scrolls of vulnerability {unknown}
 R - 2 scrolls of fear
Potions
 c - 2 potions of invisibility
 f - 4 potions of curing
 h - a potion of berserk rage
 k - 3 potions of flight
 n - a potion of mutation
 u - 2 potions of lignification
 z - 3 potions of heal wounds
 A - 2 potions of attraction {unknown}
 J - a potion of degeneration {unknown}
 L - a potion of brilliance {unknown}
 T - a potion of cancellation {unknown}
 U - 2 potions of haste {unknown}
 V - a potion of might {unknown}
 W - 2 potions of resistance {unknown}


   Skills:
 - Level 6.4 Fighting
 - Level 10.0 Short Blades
 - Level 2.4 Dodging
 + Level 13.2 Stealth
 - Level 2.1 Spellcasting
 - Level 8.1 Hexes


You had 8 spell levels left.
You knew the following spells:

 Your Spells              Type           Power      Damage    Failure   Level
a - Ensorcelled Hibernat  Hex/Ice        30%        N/A       10%         2
b - Confusing Touch       Hex            29%        N/A       3%          3

Your spell library contained the following spells:

 Spells                   Type           Power      Damage    Failure   Level
 Tukima's Dance           Hex            29%        N/A       3%          3
 Dazzling Flash           Conj/Hex       30%        N/A       19%         3
 Beastly Appendage        Tmut           2%         N/A       34%         1
 Wereblood                Tmut           1%         N/A       45%         2
 Spider Form              Tmut/Pois      1%         N/A       71%         3
 Iskenderun's Mystic Bla  Conj/Tloc      1%         2d3       98%         4
 Starburst                Conj/Fire      0%         6d3       100%        6


Dungeon Overview and Level Annotations

Branches:
Dungeon (8/15)             Temple (1/1) D:7          Bailey (1/1)
   Lair: D:8-11

Altars:
Ashenzari
Cheibriados
Dithmenos
Elyvilon
Fedhas
Gozag
Hepliaklqana
Kikubaaqudgha
Nemelex Xobeh
Okawaru
Qazlal
Ru
Sif Muna
Uskayaw
Wu Jian
Xom
Yredelemnul
Zin
The Shining One

Shops:
D:7 [?[*

Annotations:
D:3 3 runed translucent doors


Innate Abilities, Weirdness & Mutations

You are small and have problems with some larger weapons.
You are completely attuned to the shadows.


Message History

Unknown command.
Okay, then.
Unknown command.
Unknown command.
You catch the helpless orc knight completely off-guard!
You skewer the orc knight like a kebab!!!
The orc knight is severely wounded.
Uskayaw will force your foes to helplessly watch your dance.
Uskayaw prepares the audience for your solo!
Unknown command.
The helpless orc knight fails to defend itself.
You skewer the orc knight like a kebab!!!!
You kill the orc knight!
The orc knight is no longer paralysed.
The orc knight hits you with a +0 trident.
* * * LOW HITPOINT WARNING * * *
Uskayaw will force your foes to share their pain.
Uskayaw links your audience in an emotional bond!
Training target 10.0 for Short Blades reached!
Your Short Blades skill increases to level 10!
Your Stealth skill increases to level 13!
You hit the orc knight.
The orc knight is lightly wounded.
Unknown command.
You hit the orc knight.
The orc knight is lightly wounded.
The orc warrior is no longer paralysed.
The orc knight closely misses you. The orc warrior completely misses you.
Unknown command.
You hit the orc knight but do no damage.
The orc knight is lightly wounded.
Unknown command.
You strike the helpless orc knight from behind!
You skewer the orc knight like a kebab!!!
You kill the orc warrior!
The orc knight is severely wounded.
The orc knight is no longer sharing its pain.
The orc knight hits you with a +0 trident!!!
Ouch! That really hurt!
You die...

..???..#
#..???..#
#..???..#
#.......#
#.......#
#.).....#
#.....))#
#.....o@#
#.......#
##.....##
#'''''#
##.....##
#.......#
#.......#
#.......#
#..#.#..#


You could see an orc knight (strong, unable to see you).

Vanquished Creatures
  4 orc knights (Bailey)
  Joseph (D:7)
  Edmund (D:6)
  An acid dragon (D:8)
  A water moccasin (D:5)
  An ice beast (D:6)
  3 orc warriors
  A sky beast (D:5)
  An ogre (D:5)
  A centaur (D:7)
  A phantom (D:4)
  A kobold brigand (D:7)
  2 bullfrogs
  A gnoll sergeant (D:7)
  2 scorpions
  8 wights
  5 killer bees (D:7)
  A hound (D:4)
  A gnoll bouda (D:6)
  Crazy Yiuf (D:7)
  5 orc priests
  3 jellies
  Terence (D:2)
  5 iguanas
  3 orc wizards
  10 gnolls
  7 adders
  A shadow imp (D:7)
  A white imp (D:5)
  An ufetubus (D:6)
  4 worms
  4 dart slugs (D:1)
  54 orcs
  5 endoplasms
  4 giant cockroaches
  8 hobgoblins
  4 quokkas
  5 ball pythons
  3 bats
  4 frilled lizards
  8 goblins
  11 kobolds
  3 rats
192 creatures vanquished.

Vanquished Creatures (others)
  2 fungi (D:7)
2 creatures vanquished.

Grand Total: 194 creatures vanquished

Notes
Turn   | Place    | Note
-------+----------+-------------------------------------------
     0 | D:1      | cdecastro the Kobold Enchanter began the quest for the Orb.
     0 | D:1      | Reached XP level 1. HP: 10/10 MP: 3/3
   437 | D:1      | Reached XP level 2. HP: 15/15 MP: 5/5
   874 | D:1      | Reached XP level 3. HP: 19/19 MP: 6/6
  1500 | D:2      | Reached XP level 4. HP: 24/24 MP: 7/7
  1545 | D:2      | Reached skill level 5 in Stealth
  1801 | D:2      | Noticed Terence
  1831 | D:2      | Killed Terence
  2176 | D:2      | Reached XP level 5. HP: 25/28 MP: 8/8
  2309 | D:3      | Reached skill level 5 in Short Blades
  2385 | D:3      | Found a blossoming altar of Fedhas.
  2669 | D:3      | Found a runed translucent gate.
  2669 | D:3      | Found a runed translucent gate.
  2670 | D:3      | Found a runed translucent gate.
  2995 | D:3      | Learned a level 2 spell: Ensorcelled Hibernation
  2999 | D:3      | Learned a level 3 spell: Confusing Touch
  3224 | D:4      | Reached XP level 6. HP: 29/32 MP: 9/9
  3390 | D:4      | Found a snail-covered altar of Cheibriados.
  3410 | D:4      | Reached skill level 6 in Stealth
  3444 | D:4      | Found a hide-covered altar of Uskayaw.
  3455 | D:4      | Found a broken altar of Ashenzari.
  3468 | D:4      | Found a stormy altar of Qazlal.
  3471 | D:4      | Became a worshipper of Uskayaw the Reveller
  3483 | D:4      | Reached * piety under Uskayaw
  3491 | D:4      | Reached ** piety under Uskayaw
  4034 | D:4      | Reached XP level 7. HP: 36/36 MP: 10/10
  4329 | D:5      | Entered Level 5 of the Dungeon
  4347 | D:5      | Reached *** piety under Uskayaw
  4348 | D:5      | Reached skill level 7 in Stealth
  4415 | D:5      | Reached skill level 5 in Hexes
  5048 | D:6      | Reached XP level 8. HP: 33/41 MP: 7/11
  5249 | D:5      | Reached skill level 8 in Stealth
  5366 | D:6      | Noticed Blork the orc
  5586 | D:6      | Reached skill level 9 in Stealth
  6282 | D:6      | Reached XP level 9. HP: 45/45 MP: 12/12
  6539 | D:6      | Noticed Edmund
  6553 | D:6      | Killed Edmund
  6964 | D:7      | Reached skill level 1 in Fighting
  6969 | D:7      | Reached **** piety under Uskayaw
  6970 | D:7      | Reached skill level 10 in Stealth
  6970 | D:7      | Reached ***** piety under Uskayaw
  7314 | D:7      | Noticed Joseph
  7328 | D:7      | Identified the +1 rapier "Xaduylui" {protect, Dex+7}
  7333 | D:7      | Killed Joseph
  7334 | D:7      | Reached skill level 5 in Fighting
  7558 | D:7      | Found Xiveviam's Assorted Antiques.
  7577 | D:7      | Bought 2 scrolls labelled JOEXI JOTHRIOBROK for 48 gold
                  | pieces
  7603 | D:7      | Found Ruyxefeel's Armour Shop.
  7627 | D:7      | Reached skill level 11 in Stealth
  7696 | D:7      | Noticed a five-headed hydra
  7831 | D:7      | Found an iron altar of Okawaru.
  7888 | D:7      | Found Qidiocvu's Antique Armour Boutique.
  7940 | D:7      | Found a staircase to the Ecumenical Temple.
  7946 | Temple   | Entered the Ecumenical Temple
  8181 | D:7      | Found Ceuk's Magic Scroll Emporium.
  8184 | D:7      | Bought a scroll of noise for 10 gold pieces
  8184 | D:7      | Bought a scroll of teleportation for 30 gold pieces
  8184 | D:7      | Bought a scroll of fear for 40 gold pieces
  8184 | D:7      | Bought a scroll of fog for 40 gold pieces
  8184 | D:7      | Bought a scroll of fear for 40 gold pieces
  8350 | D:7      | Found a runed translucent door.
  8353 | D:7      | Noticed Crazy Yiuf
  8358 | D:7      | Killed Crazy Yiuf
  9211 | D:8      | Reached XP level 10. HP: 50/60 MP: 10/13
  9327 | D:8      | Found a flagged portal.
  9351 | D:8      | Identified the +1 robe "Toiraomn" {rF+ Str+2}
  9358 | Bailey   | Entered a bailey
  9818 | Bailey   | Noticed an orc knight
  9818 | Bailey   | Noticed an orc knight
  9842 | Bailey   | Noticed an orc knight
  9848 | Bailey   | Killed an orc knight
  9849 | Bailey   | Reached skill level 12 in Stealth
  9850 | Bailey   | Killed an orc knight
  9880 | Bailey   | Noticed an orc knight
  9885 | Bailey   | Killed an orc knight
  9890 | Bailey   | Noticed an orc knight
  9890 | Bailey   | Noticed an orc knight
  9910 | Bailey   | Killed an orc knight
  9910 | Bailey   | HP: 2/61 [orc knight/+0 trident (3)]
  9911 | Bailey   | Reached skill level 10 in Short Blades
  9911 | Bailey   | Reached skill level 13 in Stealth
  9914 | Bailey   | Annihilated by an orc knight

Illustrated notes

Levels and vault maps discovered:
D:1:      evilmike_arrival_rings, layout_rooms
D:2:      layout_basic, uniq_terence
D:3:      layout_rooms, mainiacjoe_overflow_small_starburst,
          ebering_ghost_rock_garden
D:4:      layout_loops_corners, grunt_temple_overflow_open, cheibriados_altar_1,
          nicolae_concentric_dashed_squares_wild
D:5:      layout_rooms
D:6:      layout_basic, uniq_blork_the_orc, uniq_edmund
D:7:      layout_loops_corners, okawaru_ov_weapons_minmay,
          minmay_temple_entry_trees, serial_shops, nicolae_shop_statue_plus,
          nicolae_shop_behind_doors, shop, nicolae_square_shop, uniq_joseph,
          uniq_crazy_yiuf_cottage
D:8:      layout_loops_ring, tgw_trog, david_lair_generic, enter_bailey_2,
          pf_guarded_unrand_woodcutter, uniq_prince_ribbit1, uniq_maggie
Temple:   nicolae_temple_figure_eight
Bailey:   bailey_polearm_5, bailey

Skill      XL: |  1  2  3  4  5  6  7  8  9 10 |
---------------+-------------------------------+-----
Short Blades   | 2 3 4 5 6 10 | 10.0
Stealth        | 5 6 7 9 11 13 | 13.2
Hexes          | 4 5 7 8 |  8.1
Fighting       | 6 |  6.4
Dodging        | |  2.4
Spellcasting   | |  2.1

Action                   |  1- 3 |  4- 6 |  7- 9 | 10-12 || total
-------------------------+-------+-------+-------+-------++-------
Melee: Dagger            |    70 |   143 |   378 |   137 ||   728
       Punch             |       |     1 |    11 |     2 ||    14
Throw: Dart              |       |     3 |       |       ||     3
 Cast: Confusing Touch   |       |       |    30 |     7 ||    37
  Use: Scroll            |       |       |     5 |       ||     5
       Potion            |       |       |     1 |     2 ||     3
 Stab: Sleeping          |    18 |    23 |    20 |     4 ||    65
       Distracted        |       |     2 |     1 |       ||     3
       Confused          |       |       |    24 |     5 ||    29
       Paralysed         |       |       |     6 |     4 ||    10
       Invisible         |       |       |       |     8 ||     8
Armor: Robe              |     6 |    18 |    85 |     2 ||   111
       Acid dragon scale |       |       |       |    31 ||    31
Dodge: Dodged            |    25 |    61 |   227 |   147 ||   460
